 Dungeon Sprint DCSS version 0.32-a0-42-ga30500b4d3 (webtiles) character file.

Game seed: 5642240066771456848

472 rocky1 the Grappler (level 6, -9/55 HPs)
             Began as a Troll Shapeshifter on Jan 27, 2024.
             Was an Initiate of Gozag.
             Mangled by a deep troll (10 damage)
             ... in the Dungeon (Sprint VII: "The Pits").
             The game lasted 00:01:37 (684 turns).

rocky1 the Grappler (Troll Shapeshifter)             Turns: 684, Time: 00:01:38

Health: -9/55      AC:  4    Str: 23    XL:     6   Next: 83%
Magic:  5/5        EV: 11    Int:  6    God:    Gozag
Gold:   927        SH:  0    Dex: 11    Spells: 5/5 levels left

rFire   . .          .
                       - Unarmed
rCold   . . .        (no shield)
rNeg    . . .        a - +0 animal skin
rPois   .            (helmet currently unavailable)
rElec   .            (cloak currently unavailable)
rCorr   .            (gloves unavailable)
SInv    .            (boots unavailable)
Will    .....        (no amulet)
Stlth   +            (no ring)
HPRegen 1.09/turn    (no ring)
MPRegen 0.09/turn

%: no teleportation
@: beast-form
A: beast (slay +4), large, unfitting armour, claws 3, regeneration 1, shaggy fur
1, tough skin 1
a: Begin Untransformation, Renounce Religion, Potion Petition, Call Merchant,
Bribe Branch


You were in the Dungeon.
You worshipped Gozag.
Gozag was pleased with you.
You were a hulking beast.
You visited 1 branch You collected 927 gold pieces.

Inventory:

Armour
 a - a +0 animal skin (worn)
Talismans
 c - a beast talisman
 d - a flux talisman
Wands
 f - a wand of roots (5)
Scrolls
 j - a scroll of blinking
 l - 2 scrolls of vulnerability
 m - 5 scrolls of amnesia
 n - a scroll of butterflies
Potions
 b - a potion of lignification
 e - 6 potions of curing
 g - a potion of haste
 h - 4 potions of magic
 i - 3 potions of berserk rage
 k - 2 potions of invisibility


   Skills:
 + Level 1.5 Fighting
 + Level 4.5 Dodging
 * Level 11.6 Unarmed Combat
 + Level 7.8 Shapeshifting


You had 5 spell levels left.
You didn't know any spells.
Your spell library was empty.

Dungeon Overview and Level Annotations

Branches:
Dungeon (1/1)

Altars:
Ashenzari
Cheibriados
Dithmenos
Elyvilon
Fedhas
Gozag
Hepliaklqana
Kikubaaqudgha
Makhleb
Nemelex Xobeh
Okawaru
Qazlal
Ru
Sif Muna
Trog
Uskayaw
Vehumet
Wu Jian
Xom
Yredelemnul
Zin
The Shining One
Jiyva
Lugonu


Innate Abilities, Weirdness & Mutations

You are a hulking beast.
Your limbs bulge with bestial killing power. (Slay +4)
You are too large for most types of armour.
You have claws for hands.
Your natural rate of healing is unusually fast.
You are covered in fur. (AC +1)
You have tough skin. (AC +1)


Message History

A deep troll comes into view.
The deep troll shouts!
You claw the deep troll! Your claw misses the deep troll.
The deep troll is lightly wounded.
The deep troll barely misses you. The deep troll claws you! x2
You mangle the deep troll!!
The deep troll is severely wounded.
You closely miss the deep troll.
The deep troll is severely wounded.
The deep troll is distracted by your dazzling golden aura.
You catch the helpless deep troll completely off-guard!
You claw the deep troll!
The deep troll is no longer distracted by gold.
The deep troll is severely wounded.
The deep troll barely misses you. The deep troll claws you.
The deep troll claws you!
You closely miss the deep troll.
The deep troll is severely wounded.
The deep troll is distracted by your dazzling golden aura.
You closely miss the deep troll.
The deep troll is no longer distracted by gold.
The deep troll shouts!
The deep troll is severely wounded.
The deep troll bites you!
* * * LOW HITPOINT WARNING * * *
The deep troll closely misses you. The deep troll misses you.
You feel much better. The deep troll bites you! The deep troll claws you!
* * * LOW HITPOINT WARNING * * *
The deep troll claws you!
* * * LOW HITPOINT WARNING * * *
You feel much better. The deep troll bites you. The deep troll claws you.
The deep troll claws you!
* * * LOW HITPOINT WARNING * * *
You feel much better. The deep troll bites you!!
* * * LOW HITPOINT WARNING * * *
The deep troll claws you.
* * * LOW HITPOINT WARNING * * *
The deep troll claws you!
You die...
Your body crumbles into a pile of gold.

#)#..[)))..##.......#
#'###########.......#
#)......# #########
#..###..# #.......#
##.###.##+#
#.......#.+
#..###..#T#
#.......)h#
###########


You could see a deep troll.

Vanquished Creatures
  A glass eye (D)
  A warg (D)
  A phantom (D)
  Ijyb (D)
  3 gnolls (D)
  A river rat (D)
  An orc (D)
  4 ball pythons (D)
  A bat zombie (D)
  An endoplasm (D)
  2 kobolds (D)
17 creatures vanquished.

Notes
Turn   | Place    | Note
-------+----------+-------------------------------------------
     0 | D        | rocky1 the Troll Shapeshifter began the quest for the Orb.
     0 | D        | Reached XP level 1. HP: 18/18 MP: 0/0
    44 | D        | Found a bloodstained altar of Trog.
    44 | D        | Found a shimmering blue altar of Sif Muna.
    44 | D        | Found a viscous altar of Jiyva.
    44 | D        | Found a hazy altar of Hepliaklqana.
    44 | D        | Found an opulent altar of Gozag.
    45 | D        | Found a glowing golden altar of the Shining One.
    45 | D        | Found a glowing silver altar of Zin.
    45 | D        | Found a basalt altar of Yredelemnul.
    45 | D        | Found a shimmering altar of Xom.
    45 | D        | Found an ornate altar of the Wu Jian Council.
    45 | D        | Found a sacrificial altar of Ru.
    45 | D        | Found a stormy altar of Qazlal.
    45 | D        | Found an iron altar of Okawaru.
    45 | D        | Found a sparkling altar of Nemelex Xobeh.
    45 | D        | Found a burning altar of Makhleb.
    45 | D        | Found a blossoming altar of Fedhas.
    45 | D        | Found a white marble altar of Elyvilon.
    45 | D        | Found a shadowy altar of Dithmenos.
    45 | D        | Found a snail-covered altar of Cheibriados.
    49 | D        | Found a corrupted altar of Lugonu.
    49 | D        | Found a radiant altar of Vehumet.
    50 | D        | Found a broken altar of Ashenzari.
    50 | D        | Found an ancient bone altar of Kikubaaqudgha.
    50 | D        | Found a hide-covered altar of Uskayaw.
    52 | D        | Became a worshipper of Gozag Ym Sagoz the Greedy
   182 | D        | Reached skill level 4 in Unarmed Combat
   182 | D        | Reached XP level 2. HP: 17/26 MP: 1/1
   207 | D        | Reached skill level 1 in Fighting
   207 | D        | Reached XP level 3. HP: 29/33 MP: 2/2
   312 | D        | Noticed Ijyb
   313 | D        | Noticed a glass eye
   323 | D        | Killed Ijyb
   324 | D        | Reached skill level 5 in Unarmed Combat
   324 | D        | Reached skill level 5 in Shapeshifting
   343 | D        | Killed a glass eye
   344 | D        | Reached skill level 9 in Unarmed Combat
   344 | D        | Reached XP level 4. HP: 41/41 MP: 3/3
   344 | D        | Reached XP level 5. HP: 48/48 MP: 4/4
   489 | D        | Noticed a warg
   490 | D        | Noticed a phantom
   498 | D        | Killed a phantom
   499 | D        | Reached skill level 10 in Unarmed Combat
   499 | D        | Reached XP level 6. HP: 33/55 MP: 5/5
   512 | D        | Killed a warg
   513 | D        | Reached skill level 11 in Unarmed Combat
   675 | D        | Noticed a deep troll
   684 | D        | HP: 1/55 [deep troll (2)]
   684 | D        | Mangled by a deep troll

Illustrated notes

Levels and vault maps discovered:
D:        pitsprint [storerooms_1, entrance_room_1, metal_vault_4, armoury_3,
          mini_pit_1, grid_room_1, main_hall_1, silver_pit, the_coven_3,
          the_vestibule_1, steel_vault_2, golden_pit, hallway_of_sentries,
          crystal_vault_2, iron_vault_1, final_vault]

Skill      XL: |  1  2  3  4  5  6 |
---------------+-------------------+-----
Dodging        | 2 3 4 |  4.5
Unarmed Combat | 4 9 10 11 | 11.6
Shapeshifting  | 4 6 7 |  7.8
Fighting       | 1 |  1.5

Action                     |  1- 3 |  4- 6 || total
---------------------------+-------+-------++-------
  Melee: Unarmed           |    53 |    27 ||    80
         Punch             |       |     2 ||     2
    Use: Potion            |     1 |     5 ||     6
   Stab: Distracted        |       |     1 ||     1
 Armour: Animal skin       |    21 |    26 ||    47
  Dodge: Dodged            |    21 |    12 ||    33

Table legend: (Time is in decaauts)
 A = Elapsed time spent in this place.
 B = Non-inter-level travel time spent in this place.
 C = Inter-level travel time spent in this place.
 D = Time resting spent in this place.
 E = Time spent auto-exploring this place.
 F = Levels seen in this place.
 G = Mean time per level.
                   A        B        C        D        E       F      G
               +--------+--------+--------+--------+--------+-----+--------+
         Total |    674 |    661 |     13 |    428 |      0 |   1 |  674.0 |
       Dungeon |    674 |    661 |     13 |    428 |      0 |   1 |  674.0 |
               +--------+--------+--------+--------+--------+-----+--------+

Top non-repeatable levels by time:
       D: 674 daAuts
